 Dungeon Sprint DCSS version 0.18-a0-1358-gd0e7041 (webtiles) character file.

0 Reinor the Sneak (level 1, 0/10 HPs)
             Began as a Spriggan Assassin on Feb 20, 2016.
             Was a Follower of Lugonu.
             Slain by a big kobold (4 damage)
             ... in the Dungeon (Sprint VI: "Thunderdome").
             The game lasted 00:00:56 (136 turns).

Reinor the Sneak (Spriggan Assassin)                 Turns: 136, Time: 00:00:56

Health: 0/10       AC:  3    Str:  7    XL:     1   Next: 16%
Magic:  2/2        EV: 17    Int: 12    God:    Lugonu [*.....]
Gold:   200        SH:  0    Dex: 17    Spells: 0 memorised, 0 levels left

rFire  . . .     SeeInvis +     a - +2 dagger
rCold  . . .     Gourm    .     c - +0 robe
rNeg   . . .     Faith    .     (shield restricted)
rPois  .         Spirit   .     (helmet restricted)
rElec  .         Dismiss  .     d - +0 cloak
rCorr  .         Reflect  .     (gloves unavailable)
SustAt .         Harm     .     (boots unavailable)
MR     .....     NoTele   +     (no amulet)
Stlth  ++++......               (no ring)
                                (no ring)

@: very quick, not resistant to hostile enchantments, stealthy
A: unfitting armour, see invisible, herbivore 3, speed 3, slow metabolism 2
a: Renounce Religion


You were in the Dungeon.
You worshipped Lugonu.
Lugonu was aware of your devotion.
You were not hungry.

You visited 1 branch You collected 200 gold pieces.

Inventory:

Hand Weapons
 a - a +2 dagger (weapon)
 b - a +0 blowgun
Missiles
 e - 8 poisoned needles
 f - 2 curare-tipped needles
Armour
 c - a +0 robe (worn)
 d - a +0 cloak (worn)
Wands
 o - a wand of acid (5/15)
 p - a wand of iceblast (5/15)
Scrolls
 m - 4 scrolls of blinking
 q - 3 scrolls of fog
Potions
 h - a potion of curing
 i - 4 potions of heal wounds
 j - 4 potions of haste
 k - 2 potions of magic
 l - a potion of berserk rage
 n - a potion of resistance
Comestibles
 g - a bread ration


   Skills:
 + Level 1.6 Fighting
 + Level 2.3 Short Blades
 + Level 2.0 Throwing
 + Level 1.5 Dodging
 + Level 6.6 Stealth


You couldn't memorise any spells.
You didn't know any spells.

Dungeon Overview and Level Annotations

Branches:
Dungeon (1/1)

Altars:
Cheibriados
Dithmenos
Fedhas
Gozag
Kikubaaqudgha
Makhleb
Okawaru
Pakellas
Qazlal
Ru
Sif Muna
Trog
Vehumet
Xom
Yredelemnul
Zin
The Shining One
Jiyva
Lugonu

Shops:
D *[%??*?*:[((!!!!

Annotations:
D Ijyb, Pikel


Innate Abilities, Weirdness & Mutations

You are tiny and cannot use many weapons and most armour.
You have supernaturally acute eyesight.
You are an herbivore.
You cover ground extremely quickly.
You need consume almost no food.


Message History

Found Pisheuza's Jewellery and Didyesamm's Advanced Armour.
Found Urcho's Identification Station.
Found a sacrificial altar of Ru.
Ijyb and Pikel come into view.
Pikel shouts!
Found a shadowy altar of Dithmenos.
Found a glowing silver altar of Zin.
Found a bloodstained altar of Trog.
Pikel barely misses you.
Found Nealyh's Premium Goods.
Ijyb screams, "Level is mine!
All mine!"
Found Qul Fahu's Miscellaneous Merchandise.
The big kobold barely misses you.
A hobgoblin comes into view. It is wielding a club.
The hobgoblin shouts! 50...
Pikel says, "Who am I kidding?
They'll work you to death!" Ijyb closely misses you. Ijyb misses you.
The big kobold hits you.
You die...

#........_# #_......._#
###.........###
#⌠...........⌠#
###.8.........8.######
._......###.......__∩##
......8.# #.8........∩###
........###.............##
.....###...###..@.......⌠#
.....# #.<.# #..K.......⌠#
.....###...###...g......⌠#
........###.............##
......8.# #.8.g......∩###
_.......###......___∩##
###.8.........8.######
#⌠..K.......)⌠#
###.........###


You could see a big kobold, Ijyb and a hobgoblin.

Vanquished Creatures
  A hobgoblin (D)
1 creature vanquished.

Notes
Turn   | Place    | Note
--------------------------------------------------------------
     0 | D        | Reinor the Spriggan Assassin began the quest for the Orb.
     0 | D        | Reached XP level 1. HP: 10/10 MP: 2/2
     1 | D        | Found a deep blue altar of Sif Muna.
     1 | D        | Found an ancient bone altar of Kikubaaqudgha.
     2 | D        | Found a stormy altar of Qazlal.
     2 | D        | Found an opulent altar of Gozag.
     3 | D        | Found a glowing golden altar of the Shining One.
     3 | D        | Found a corrupted altar of Lugonu.
     4 | D        | Found Yclunkak's Do-It-Yourself Clinic.
     4 | D        | Found a snail-covered altar of Cheibriados.
     4 | D        | Found Vaenizepp's Distillery.
     5 | D        | Found Ytoubif's Bottled Wisdom.
     5 | D        | Found Muplur's Distillery.
     9 | D        | Round 1.
    16 | D        | Noticed a big kobold
    18 | D        | Reached skill level 6 in Stealth
    19 | D        | Found a shimmering altar of Xom.
    19 | D        | Found Voguxtoc's Weapon Rack.
    19 | D        | Found Cifogeuq's Basic Armour.
    26 | D        | Found a burning altar of Makhleb.
    30 | D        | Became a worshipper of Lugonu the Unformed
    30 | D        | Reached * piety under Lugonu
    36 | D        | Found a blossoming altar of Fedhas.
    37 | D        | Found an oddly glowing altar of Pakellas.
    38 | D        | Found Nyunij's Staff Store.
    39 | D        | Found a basalt altar of Yredelemnul.
    39 | D        | Found a viscous altar of Jiyva.
    39 | D        | Found Dol Qonn's Magic Scroll Shop.
    39 | D        | Found Ephif's Must-Have Magic.
    39 | D        | Found Bumeneniy's Magic Scroll Shop.
    44 | D        | Found a radiant altar of Vehumet.
    46 | D        | Found an iron altar of Okawaru.
    47 | D        | Found Puil's Bee Food.
    48 | D        | Found Pisheuza's Jewellery.
    48 | D        | Found Didyesamm's Advanced Armour.
    49 | D        | Found a sacrificial altar of Ru.
    49 | D        | Found Urcho's Identification Station.
    52 | D        | Noticed Ijyb
    52 | D        | Noticed Pikel
    53 | D        | Found a shadowy altar of Dithmenos.
    54 | D        | Found a glowing silver altar of Zin.
    55 | D        | Found a bloodstained altar of Trog.
    56 | D        | Found Nealyh's Premium Goods.
    57 | D        | Found Qul Fahu's Miscellaneous Merchandise.
   136 | D        | Slain by a big kobold

Vault maps used:
D:        arena_sprint

Action                   || total
-------------------------++-------
Melee: Dagger            ||     8
